 Dungeon Crawl Stone Soup version 0.30-a0-728-gc68057be0a (webtiles) character file.

Game seed: 15141538014884022182

630 hikkokomori the Conjurer (level 7, -11/43 HPs)
             Began as a Tengu Reaver on Feb 1, 2023.
             Mangled by a two-headed ogre
             ... wielding a +0 giant club
              (29 damage)
             ... on level 6 of the Dungeon.
             The game lasted 00:09:41 (4271 turns).

hikkokomori the Conjurer (Tengu Reaver)             Turns: 4271, Time: 00:09:41

Health: -11/43     AC:  9    Str: 12    XL:     7   Next: 48%
Magic:  11/11      EV: 18    Int: 14    God:
Gold:   281        SH:  0    Dex: 14    Spells: 6/10 levels left

rFire   . . .      SeeInvis .    q - +1 falchion (holy)
rCold   + . .      Faith    .    (no shield)
rNeg    . . .      Spirit   .    B - +0 ring mail {rC+}
rPois   .          Reflect  .    (helmet restricted)
rElec   .          Harm     .    (no cloak)
rCorr   .          Rampage  .    (no gloves)
Will    .....                    (boots unavailable)
Stlth   ++                       (no amulet)
HPRegen 0.27/turn                g - +5 ring of evasion
MPRegen 0.12/turn                l - +4 ring of protection

@: flying quickly and evasively, quick
A: beak, talons 3, nimble flight
a: no special abilities


You were on level 6 of the Dungeon.
You visited 1 branch of the dungeon, and saw 6 of its levels.

You collected 281 gold pieces.

Inventory:

Hand Weapons
 a - a +0 falchion
 j - a +2 antimagic flail
 q - a +1 falchion of holy wrath (weapon)
Missiles
 f - 15 stones (quivered)
Armour
 k - a +0 scale mail
 v - a +0 ring mail
 B - a +0 ring mail of cold resistance (worn)
Jewellery
 g - a +5 ring of evasion (left hand)
 l - a +4 ring of protection (right hand)
 t - a +6 ring of strength
Wands
 C - a wand of paralysis (4)
Scrolls
 b - a scroll of identify
 c - a scroll of magic mapping
 h - a scroll of enchant weapon {unknown}
 i - 2 scrolls of fog {unknown}
 m - a scroll of blinking
 n - a scroll of teleportation
 o - a scroll of noise {unknown}
 r - a scroll of amnesia {unknown}
 w - a scroll of fear {unknown}
 y - 2 scrolls of silence {unknown}
Potions
 d - a potion of resistance {unknown}
 e - a potion of ambrosia {unknown}
 p - a potion of degeneration
 s - 3 potions of curing
 x - a potion of might {unknown}
 z - a potion of flight {unknown}
 A - a potion of cancellation {unknown}


   Skills:
 + Level 4.1 Fighting
 + Level 5.2 Long Blades
 - Level 2.1 Dodging
 + Level 3.7 Stealth
 - Level 2.0 Spellcasting
 + Level 5.8 Conjurations
 + Level 2.6 Ice Magic


You had 6 spell levels left.
You knew the following spells:

 Your Spells              Type           Power      Damage    Failure   Level
a - Kiss of Death         Conj/Necr      36%        2d8       17%         1
b - Hailstorm             Conj/Ice       13%        3d5       28%         3

Your spell library contained the following spells:

 Spells                   Type           Power      Damage    Failure   Level
 Freeze                   Ice            32%        1d5       19%         1
 Momentum Strike          Conj/Tloc      18%        3d8       26%         2
 Frozen Ramparts          Ice            16%        1d3       50%         3
 Ozocubu's Armour         Ice            8%         N/A       50%         3
 Gell's Gravitas          Tloc           1%         N/A       85%         3
 Teleport Other           Tloc           1%         N/A       85%         3
 Dispersal                Tloc           0%         N/A       100%        6
 Ozocubu's Refrigeration  Ice            4%         4d8       100%        7


Dungeon Overview and Level Annotations

Branches:
Dungeon (6/15)
 Temple: D:4-7

Altars:
Ashenzari
Cheibriados
Dithmenos
Fedhas
Hepliaklqana
Makhleb
Qazlal

Shops:
D:2 [


Innate Abilities, Weirdness & Mutations

You have a beak for a mouth.
You have claws for feet.
Your magical nature lets you fly swiftly and evasively.


Message History

The two-headed ogre easily resists.
Aiming: Paralyse
Press: ? - help, Shift-Dir - straight line, f/p - two-headed ogre
Aim: a two-headed ogre, wielding a +0 giant club and a +0 giant spiked club (moderately wounded, chance to affect: 31%)
The two-headed ogre easily resists.
Aiming: Paralyse
Press: ? - help, Shift-Dir - straight line, f/p - two-headed ogre
Aim: a two-headed ogre, wielding a +0 giant club and a +0 giant spiked club (moderately wounded, chance to affect: 31%)
The two-headed ogre easily resists.
Aiming: Paralyse
Press: ? - help, Shift-Dir - straight line, f/p - two-headed ogre
Aim: a two-headed ogre, wielding a +0 giant club and a +0 giant spiked club (moderately wounded, chance to affect: 31%)
The two-headed ogre suddenly stops moving!
The helpless two-headed ogre fails to defend itself.
You hit the two-headed ogre but do no damage.
You peck the two-headed ogre, but do no damage.
The two-headed ogre is lightly wounded.
The helpless two-headed ogre fails to defend itself.
You hit the two-headed ogre.
You peck the two-headed ogre, but do no damage.
The two-headed ogre is moderately wounded.
The helpless two-headed ogre fails to defend itself.
You slash the two-headed ogre!
You peck the two-headed ogre, but do no damage.
The two-headed ogre is moderately wounded.
The helpless two-headed ogre fails to defend itself.
You slash the two-headed ogre!
You peck the two-headed ogre, but do no damage.
The two-headed ogre is heavily wounded.
The two-headed ogre is no longer paralysed.
The two-headed ogre misses you.
The two-headed ogre hits you with a +0 giant spiked club!
You hit the two-headed ogre. You claw the two-headed ogre.
Your peck misses the two-headed ogre.
The two-headed ogre is severely wounded.
You hit the two-headed ogre but do no damage.
The two-headed ogre is severely wounded.
The two-headed ogre hits you with a +0 giant club!!
Ouch! That really hurt!
You die...

#........# #.#
#........# #.#
#.......[# #.#
#........# #.#
############.##
#.######.# ........#
#.#########).......>
#######.#
#...)...O...########
###.##############.#
#....O....#.@....#.#
#.#.#####.#O####.#.#
#.#.# #...#...<#.# #.#O#
######.#.#.# #.#.#
#.#.#.#
#.#.##########.#.#O#
#.#.##.O.....#.#.#.#
#####.#.##.#####.#...#.#
......#........#.#####.#


You could see a two-headed ogre.

Vanquished Creatures
  An ice beast (D:3)
  An ogre (D:5)
  A necrophage (D:5)
  2 hounds
  2 jellies (D:5)
  9 gnolls
  10 adders
  2 ufetubi
  A worm (D:1)
  2 dart slugs
  4 endoplasms
  3 giant cockroaches
  3 goblins
  7 hobgoblins
  4 jackals
  5 kobolds
  6 quokkas
  9 ball pythons
  4 bats (D:1)
  2 frilled lizards
  6 rats
84 creatures vanquished.

Notes
Turn   | Place    | Note
-------+----------+-------------------------------------------
     0 | D:1      | hikkokomori the Tengu Reaver began the quest for the Orb.
     0 | D:1      | Reached XP level 1. HP: 12/12 MP: 4/4
   327 | D:1      | Reached XP level 2. HP: 8/17 MP: 6/6
   523 | D:1      | Reached skill level 1 in Stealth
  1051 | D:1      | Reached XP level 3. HP: 3/22 MP: 7/7
  1188 | D:2      | Learned a level 3 spell: Hailstorm
  1483 | D:2      | Found a faded altar of an unknown god.
  1533 | D:2      | Reached XP level 4. HP: 27/27 MP: 8/8
  1592 | D:2      | Found Debaet's Antique Armour Emporium.
  1716 | D:3      | Found a shadowy altar of Dithmenos.
  1902 | D:3      | Found a blossoming altar of Fedhas.
  1962 | D:3      | Reached skill level 1 in Ice Magic
  1966 | D:3      | Gained mutation: Your magical nature lets you fly swiftly
                  | and evasively. [Tengu growth]
  1966 | D:3      | Reached XP level 5. HP: 25/32 MP: 9/9
  2067 | D:3      | Noticed an ice beast
  2121 | D:3      | Killed an ice beast
  2122 | D:3      | Reached XP level 6. HP: 16/37 MP: 10/10
  2227 | D:3      | Reached skill level 5 in Conjurations
  2321 | D:3      | Found a broken altar of Ashenzari.
  2482 | D:4      | Found a snail-covered altar of Cheibriados.
  2668 | D:4      | Found a hazy altar of Hepliaklqana.
  3237 | D:5      | Entered Level 5 of the Dungeon
  3385 | D:5      | Found a burning altar of Makhleb.
  3470 | D:5      | Found a stormy altar of Qazlal.
  3507 | D:5      | Reached skill level 5 in Long Blades
  3507 | D:5      | Reached XP level 7. HP: 28/42 MP: 11/11
  3888 | D:6      | Noticed a two-headed ogre
  4271 | D:6      | Mangled by a two-headed ogre

Illustrated notes

Levels and vault maps discovered:
D:1:      psy_arrival_conway, layout_loops_corners
D:2:      minmay_spotlight, layout_rooms, shapermc_ecumenical_altar_gd,
          serial_shops, nicolae_diamond_shop
D:3:      layout_rooms, mainiacjoe_overflow_alcove_1, mainiacjoe_overflow_swirl,
          minmay_misc_feat_hallway
D:4:      layout_basic, worldfamousw_hep_ancestral_shrine,
          mainiacjoe_overflow_six_doors_small, minmay_misc_feat_x
D:5:      layout_cave_pools, old_standard_altar,
          nicolae_qazlal_eye_of_the_storm, minmay_checkerbox
D:6:      layout_basic, minmay_temple_entry_statues_pillars

Skill      XL: |  1  2  3  4  5  6  7 |
---------------+----------------------+-----
Stealth        | 1 2 3 |  3.7
Long Blades    | 4 5 |  5.2
Fighting       | 3 4 |  4.1
Ice Magic      | 1 2 |  2.6
Conjurations   | 5 |  5.8
Dodging        | |  2.1
Spellcasting   | |  2.0

Action                     |  1- 3 |  4- 6 |  7- 9 || total
---------------------------+-------+-------+-------++-------
  Melee: Falchion          |    97 |   162 |    48 ||   307
         Kick              |    22 |    37 |    12 ||    71
         Peck              |    16 |    26 |    14 ||    56
         Punch             |       |     1 |     1 ||     2
  Throw: Stone             |     1 |     4 |     1 ||     6
         Dart              |       |     4 |     9 ||    13
  Evoke: Wand              |       |       |     4 ||     4
    Use: Scroll            |     2 |     3 |       ||     5
   Stab: Sleeping          |     1 |     1 |       ||     2
         Paralysed         |       |       |     4 ||     4
 Armour: Leather armour    |    22 |       |       ||    22
         Scale mail        |     1 |    27 |       ||    28
         Ring mail         |       |    28 |     9 ||    37
  Dodge: Dodged            |    78 |   163 |    41 ||   282

Table legend: (Time is in decaauts)
 A = Elapsed time spent in this place.
 B = Non-inter-level travel time spent in this place.
 C = Inter-level travel time spent in this place.
 D = Time resting spent in this place.
 E = Time spent auto-exploring this place.
 F = Levels seen in this place.
 G = Mean time per level.
                   A        B        C        D        E       F      G
               +--------+--------+--------+--------+--------+-----+--------+
         Total |   4131 |   3908 |    223 |    163 |   2912 |   6 |  688.5 |
       Dungeon |   4131 |   3908 |    223 |    163 |   2912 |   6 |  688.5 |
               +--------+--------+--------+--------+--------+-----+--------+

Top non-repeatable levels by time:
     D:1: 1094 daAuts
     D:4: 772 daAuts
     D:5: 721 daAuts
     D:3: 686 daAuts
     D:2: 605 daAuts
     D:6: 251 daAuts
